 Dungeon Crawl Stone Soup version 0.19-a0-1886-gd64a0f0 (webtiles) character file.

167 vev the Insei (level 5, -8/42 HPs)
             Began as a Vine Stalker Abyssal Knight on Oct 16, 2016.
             Was a Believer of Lugonu.
             Killed by divine providence
             ... invoked by an orc priest
              (14 damage)
             ... on level 4 of the Dungeon.
             The game lasted 00:04:20 (1848 turns).

vev the Insei (Vine Stalker Abyssal Knight)         Turns: 1848, Time: 00:04:21

Health: -8/42      AC: 22    Str: 13 (14) XL:     5   Next: 48%
Magic:  0/7        EV:  2    Int: 15 (17) God:    Lugonu [**....]
Gold:   245        SH:  0    Dex: 13 (15) Spells: 0 memorised, 4 levels left

rFire  . . .     SeeInvis .       - Unarmed
rCold  . . .     Gourm    .     (armour currently unavailable)
rNeg   + + +     Faith    .     (no shield)
rPois  +         Spirit   +     (helmet currently unavailable)
rElec  .         Dismiss  .     (cloak currently unavailable)
rCorr  .         Reflect  .     (gloves currently unavailable)
MR     .....     Harm     .     (boots currently unavailable)
Stlth  +......... NoTele   +    (no amulet)
                                (no ring)
                                (no ring)

@: brilliant, tree-form, very slightly contaminated, hasted, very quick
A: (fangs 0), regeneration 1, magic shield, (antimagic bite), no device heal 3,
rot immunity
a: Depart the Abyss, Bend Space, Renounce Religion


You were on level 4 of the Dungeon.
You worshipped Lugonu.
Lugonu was pleased with you.
You were not hungry.
You were a tree.
You visited 1 branch of the dungeon, and saw 4 of its levels.
You visited the Abyss 1 time.

You collected 245 gold pieces.

Inventory:

Armour
 a - a +0 leather armour
 i - a +0 ring mail (melded)
Scrolls
 f - 6 scrolls of identify {unknown}
 g - 5 scrolls of remove curse {unknown}
 l - 2 scrolls of recharging {unknown}
 m - a scroll of amnesia {unknown}
 n - a scroll of teleportation {unknown}
 o - a scroll of immolation {unknown}
 s - a scroll of enchant weapon {unknown}
 v - a scroll of blinking {unknown}
Potions
 e - 2 potions of flight
 h - a potion of degeneration
 q - a potion of brilliance
 u - a potion of ambrosia {unknown}
 w - a potion of curing {unknown}
Comestibles
 b - 2 bread rations
 c - a royal jelly
 d - 3 meat rations
 p - 7 fruits
 t - a beef jerky


   Skills:
 + Level 3.1 Fighting
 + Level 2.1 Armour
 + Level 1.9 Dodging
 * Level 3.8 Unarmed Combat
 + Level 2.5 Invocations


You had 4 spell levels left.
You didn't know any spells.

Dungeon Overview and Level Annotations

Branches:
Dungeon (4/15)
 Temple: D:4-7

Altars:
Nemelex Xobeh

Annotations:
D:4 Menkaure


Innate Abilities, Weirdness & Mutations

((You have extremely sharp teeth.))
Your natural rate of healing is unusually fast.
When hurt, damage is shared between your health and your magic reserves.
((Your bite disrupts and absorbs the magic of your enemies.))
Potions and wands cannot restore your health.
You are immune to rotting.


Message History

It was a potion of brilliance.
You feel clever all of a sudden.
Menkaure casts a spell.
Menkaure seems to speed up.
An orc priest comes into view.
It was a potion of degeneration.
There was something very wrong with that liquid.
You feel weakened.
You feel dopey.
You feel clumsy.
The orc priest shouts!
The orc priest looks satisfied for a moment.
Menkaure misses you.
It was a potion of haste.
You feel yourself speed up.
Menkaure's bandages flutter.
Menkaure misses you. The orc closely misses you.
You are very lightly contaminated with residual magic.
It was a potion of lignification.
You turn into a tree.
Your +0 ring mail melds into your body.
Your roots penetrate the ground.
The orc priest mumbles some strange prayers to Beogh against you.
Beogh smites you!
You die...

# ############ ..
#..........#
#.###..#######.#######
#...o.................
#...M♣..............##
#...#.....#.#..####.#
#.......###....# #.##
o...............# #...
.##.......###....####.##
#...#...# #...........
#........ ............
........###...#####.##
...... ..#####.##


You could see Menkaure, an orc priest and an orc.

Vanquished Creatures
  A crimson imp (D:3)
  A bullfrog skeleton (D:3)
  4 adders
  2 oozes
  2 worms (D:2)
  3 leopard geckos
  2 ball pythons (D:2)
  3 giant cockroaches
  7 goblins
  5 hobgoblins
  2 jackals (D:2)
  A quokka (D:2)
  4 bats
  6 frilled lizards
  6 kobolds
  7 rats
56 creatures vanquished.

Notes
Turn   | Place    | Note
-------+----------+-------------------------------------------
     0 | Abyss:1  | vev the Vine Stalker Abyssal Knight began the quest for the Orb.
     0 | Abyss:1  | Reached XP level 1. HP: 11/11 MP: 3/3
    56 | Abyss:1  | Noticed a quasit
    58 | D:1      | Escaped the Abyss
   100 | D:1      | Reached * piety under Lugonu
   100 | D:1      | Reached skill level 1 in Dodging
   104 | D:1      | Reached XP level 2. HP: 14/16 MP: 4/4
   277 | D:1      | Reached XP level 3. HP: 19/19 MP: 5/5
   691 | D:2      | Reached ** piety under Lugonu
   691 | D:2      | Reached skill level 2 in Invocations
   905 | D:2      | Reached skill level 3 in Unarmed Combat
   905 | D:2      | Gained mutation: Your natural rate of healing is unusually fast. [Vine Stalker growth]
   905 | D:2      | Reached XP level 4. HP: 14/23 MP: 3/6
  1019 | D:2      | Reached skill level 2 in Armour
  1358 | D:3      | Reached skill level 3 in Fighting
  1358 | D:3      | Reached XP level 5. HP: 23/28 MP: 3/7
  1432 | D:3      | Found a sparkling altar of Nemelex Xobeh.
  1837 | D:4      | Noticed Menkaure
  1842 | D:4      | HP: 1/28 [Menkaure (12)]
  1848 | D:4      | Killed from afar by an orc priest

Vault maps used:
D:1:      matt_arrival_spirals
D:3:      nemelex_lonely_heart_becter
D:4:      first_bread, corexii_shack, uniq_menkaure

Skill      XL: |  1  2  3  4 |
---------------+-------------+-----
Dodging        | 1 |  1.9
Invocations    | 2 |  2.5
Unarmed Combat | 3 |  3.8
Armour         | 2 |  2.1
Fighting       | 3 |  3.1

Action                   |  1- 3 |  4- 6 || total
-------------------------+-------+-------++-------
Melee: Unarmed           |   129 |    94 ||   223
       Bite              |    32 |    20 ||    52
       Punch             |     5 |     3 ||     8
Invok: Depart the Abyss  |     1 |       ||     1
  Use: Potion            |       |     5 ||     5
       Scroll            |       |     1 ||     1
  Eat: Chunk             |       |     3 ||     3
Armor: Leather armour    |    14 |       ||    14
       Ring mail         |    22 |    26 ||    48
Dodge: Dodged            |    79 |    41 ||   120
